cohdb
Replays
Latest Replays
All Replays
Popular Replays
Top Player Replays
Match Explorer
How It Works
Community
CoH3 Stats
Reddit
Sign in to upload your games and track your stats! →
Sign in with Steam
Match 39348372
Unlisted
Match 39348372
Overview
Messages
Build Orders
End
Construct Infanterie Kompanie
MG 42 Machine Gun Team
Grenadier Squad
Construct Luftwaffe Kompanie
GrW 34 Mortar Team
Jäger Squad
Jäger Squad
Support Elements
Jäger Squad
Wirbelwind Flakpanzer
Construct Panzergrenadier Kompanie
Pioneer Squad
251 Medium Carrier
Nebelwerfer 42 Rocket Launcher Team
Selects Mechanized Battlegroup
Selects Raid Package
Selects StuG Assault Group
Selects UNKNOWN (2160084)
Marder III M Tank Destroyer
StuG Assault Group
StuG III G Assault Gun
StuG III G Assault Gun
Jäger Squad
Pak 40 Anti-tank Gun Team
Construct Panzer Kompanie
legion_66
Nuclear Viking
mild
L1mbo
[EL] Brother Captain Specmarine
godsarmylds
Schimmelhorst
BmAAn
0
0
Comments
sign in to comment!
No comments posted yet!